 Dungeon Crawl Stone Soup version 0.28-a0-313-gbc0475efdd (webtiles) character file.

Game seed: 17182403360153157379

122960 Tungsten the Brawler (level 16, -11/158 HPs)
             Began as a Troll Hunter on Aug 31, 2021.
             Was the Champion of Fedhas.
             Killed from afar by a shard shrike (58 damage)
             ... with a shard of ice
             ... in an ice cave.
             The game lasted 01:34:42 (25093 turns).

Tungsten the Brawler (Troll Hunter)                Turns: 25093, Time: 01:34:43

Health: -11/158    AC: 15    Str: 24    XL:     16   Next: 35%
Magic:  14/22      EV: 17    Int:  9    God:    Fedhas [******]
Gold:   2970       SH: 23    Dex: 15    Spells: 15/15 levels left

rFire   + . .      SeeInvis +     - Unarmed
rCold   + . .      Faith    .   U - +0 tower shield
rNeg    . . .      Spirit   .   N - +0 acid dragon scales
rPois   .          Reflect  +   u - +3 crown of Dyrovepreva {rElec Int+2 SInv}
rElec   +          Harm     .   K - scarf {rC+ rF+}
rCorr   +          Rampage  .   (gloves unavailable)
Will    +....                   (boots unavailable)
Stlth   +.........              k - amulet of reflection
HPRegen 1.36/turn               r - +4 ring of protection {=R}
MPRegen 0.18/turn               J - +4 ring of evasion

@: frozen, studying Throwing, very slow
A: large, unfitting armour, claws 3, regeneration 1, shaggy fur 1, tough skin 1
a: Renounce Religion, Wall of Briars, Grow Ballistomycete, Overgrow, Grow Oklob


You were in an ice cave.
You worshipped Fedhas.
Fedhas was exalted by your worship.
You visited 5 branches of the dungeon, and saw 26 of its levels.
You also visited: Gauntlet and Ice Cave.

You collected 3741 gold pieces.
You spent 771 gold pieces at shops.

Inventory:

Missiles
 c - 22 large rocks
 g - 9 silver javelins
 l - 81 poisoned darts
 q - 34 boomerangs (quivered)
 F - a throwing net {!f}
Armour
 u - the +3 crown of Dyrovepreva (worn) {rElec Int+2 SInv}
   (You acquired it on level 3 of the Dungeon)

   Int:       It affects your intelligence (+2).
   rElec:     It insulates you from electricity.
   SInv:      It lets you see invisible.
 x - a +1 kite shield of cold resistance
 K - a scarf of resistance (worn)
 N - +0 acid dragon scales (worn)
 U - a +0 tower shield (worn)
Jewellery
 b - the ring "Hegriuv" {Fly rCorr Str+2 SInv}
   (You found it on level 6 of the Lair of Beasts)

   [ring of flight]

   Str:       It affects your strength (+2).
   SInv:      It lets you see invisible.
   Fly:       It grants you flight.
   rCorr:     It protects you from acid and corrosion.
 k - an amulet of reflection (around neck)
 n - an amulet of the acrobat
 r - a +4 ring of protection (left claw) {=R}
 J - a +4 ring of evasion (right claw)
 M - a ring of poison resistance
 X - an amulet of guardian spirit
Wands
 d - a wand of mindburst (45)
 f - a wand of flame (39)
 o - a wand of polymorph (8)
 z - a wand of digging (13)
 A - a wand of acid (17)
 E - a wand of charming (17)
Scrolls
 a - 3 scrolls of vulnerability
 h - 3 scrolls of silence
 i - 3 scrolls of summoning
 m - 8 scrolls of teleportation
 B - 6 scrolls of magic mapping
 C - 4 scrolls of fog
 H - 3 scrolls of fear
 I - 5 scrolls of enchant armour
 O - 4 scrolls of immolation
 Q - 2 scrolls of blinking
 W - 9 scrolls of identify
Potions
 j - 10 potions of curing
 p - 3 potions of flight
 s - 4 potions of haste
 v - 2 potions of mutation
 D - 3 potions of cancellation
 L - 3 potions of resistance
 P - 2 potions of might
 R - 5 potions of heal wounds
 T - a potion of magic
 V - 3 potions of attraction
 Z - a potion of ambrosia
Miscellaneous
 e - a phantom mirror
 t - a tin of tremorstones (2/2)
 w - a condenser vane


   Skills:
 - Level 10.0 Fighting
 - Level 6.0 Throwing
 - Level 3.0 Armour
 - Level 10.0 Dodging
 - Level 1.0 Stealth
 + Level 12.5 Shields
 - Level 15.0 Unarmed Combat
 - Level 10.0 Invocations
 - Level 5.0 Evocations


You had 15 spell levels left.
You didn't know any spells.
Your spell library contained the following spells:

 Spells                   Type           Power      Damage    Failure   Level
 Magic Dart               Conj           0%         1d3       65%         1
 Pain                     Necr           0%         1d4       65%         1
 Searing Ray              Conj           0%         3d3       78%         2
 Slow                     Hex            0%         N/A       78%         2
 Confusing Touch          Hex            0%         N/A       95%         3
 Ignite Poison            Fire/Tmut/Pois 0%         N/A       95%         3
 Mephitic Cloud           Conj/Pois/Air  0%         N/A       95%         3
 Stone Arrow              Conj/Erth      0%         3d7       95%         3
 Tukima's Dance           Hex            0%         N/A       95%         3
 Animate Armour           Summ/Erth      0%         N/A       100%        4
 Cause Fear               Hex            0%         N/A       100%        4
 Fulminant Prism          Conj/Hex       0%         3d6       100%        4
 Hailstorm                Conj/Ice       0%         3d3       100%        4
 Ice Form                 Ice/Tmut       0%         N/A       100%        4
 Passage of Golubria      Tloc           N/A        N/A       100%        4
 Summon Ice Beast         Ice/Summ       0%         N/A       100%        4
 Agony                    Necr           0%         N/A       100%        5
 Bolt of Magma            Conj/Fire/Erth 0%         4d4       100%        5
 Excruciating Wounds      Necr           0%         N/A       100%        5
 Summon Mana Viper        Hex/Summ       0%         N/A       100%        5
 Yara's Violent Unravell  Hex/Tmut       0%         3d3       100%        5
 Simulacrum               Ice/Necr       0%         N/A       100%        6
 Dragon Form              Tmut           0%         N/A       100%        7
 Monstrous Menagerie      Summ           0%         N/A       100%        7
 Lehudib's Crystal Spear  Conj/Erth      0%         10d2      100%        8
 Dragon's Call            Summ           0%         N/A       100%        9


Dungeon Overview and Level Annotations

Branches:
Dungeon (15/15)            Temple (1/1) D:5            Lair (6/6) D:10
  Swamp (2/4) Lair:3        Snake (0/4) Lair:2        Slime (0/5) Lair:5
    Orc (2/2) D:10            Elf (0/3) Orc:2        Vaults (0/5) D:13
 Depths (0/5) D:15          IceCv (1/1)             Gauntlet (visited)

Altars:
Ashenzari
Cheibriados
Dithmenos
Elyvilon
Fedhas
Gozag
Hepliaklqana
Kikubaaqudgha
Makhleb
Nemelex Xobeh
Okawaru
Qazlal
Ru
Sif Muna
Trog
Uskayaw
Vehumet
Wu Jian
Xom
Yredelemnul
Zin
The Shining One
Beogh
Jiyva

Shops:
D:6 :   D:7 (   D:11 (   Orc:2 [!*?

Portals:
Hell: Lair:6

Annotations:
Lair:3 exclusion: 2 downstairs
Lair:4 Rupert


Innate Abilities, Weirdness & Mutations

You are too large for most types of armour.
You have claws for hands.
Your natural rate of healing is unusually fast.
You are covered in fur. (AC +1)
You have tough skin. (AC +1)


Message History

The shard shrike spits a shard of ice at you.
The shard of ice misses you.
The ironbound frostheart touches your oklob sapling!
The ironbound frostheart freezes your oklob sapling!!
A white ugly thing comes into view.
You block the ironbound frostheart's attack.
You claw the ironbound frostheart!
The ironbound frostheart is severely wounded.
The shard shrike claws you but does no damage.
Your oklob sapling spits acid at the ironbound frostheart.
The splash of acid hits the ironbound frostheart!!
The acid corrodes the ironbound frostheart!
The ironbound frostheart dies!
Fedhas appreciates your contribution to the ecosystem.
Your burning bush throws fire at the polar bear.
The puff of flame hits the polar bear!!
You block the shard shrike's attack.
The ironbound frostheart calls freezing cold from the walls.
The frost grips you! You partially resist. The frost grips your oklob sapling!!
Your oklob sapling is destroyed!
The frost grips your burning bush!! The frost grips your oklob sapling!!
Your oklob sapling is destroyed!
That's the wrong kind of item! (Use * to select it.) Evoke which item? (* to show all) (? for menu, Esc to quit)
Okay, then.
Unknown command.
You scratch the shard shrike.
The shard shrike is lightly wounded.
The shard shrike claws you. The shard shrike freezes you! You resist.
* * * LOW HITPOINT WARNING * * *
The ironbound frostheart calls freezing cold from the walls.
The frost grips you!! You partially resist.
* * * LOW HITPOINT WARNING * * *
The frost grips your burning bush!!
Your burning bush is destroyed!
You feel much better.
The shard shrike screeches!
The shard shrike spits a shard of ice at you.
The shard of ice hits you!!! You partially resist.
You die...
Fedhas appreciates your contribution to the ecosystem.

# .... ### #p.. ..### #...
#...### ##.p. ###...# #.hu #..##
##.b ###.### #[.#
######..##≈≈≈###@####
..##...##≈≈≈≈≈≈#....### ###
..###..#≈≈≈≈≈≈≈≈#.##..#####.###
.##..###≈≈≈≈≈≈≈≈≈..#.#..##.#..###
.†.### #≈≈≈≈≈≈≈##.######..####..#
#### #≈≈≈≈≈≈≈### ####### #..## #
### ##≈≈≈≈≈≈≈####...### ##...
###.#####≈≈≈######....#...###..⌠.
....#.##≈≈##..##.....####)†###...


You could see a shard shrike (catching breath), a white ugly thing, 2 ironbound
frosthearts and a polar bear.

Vanquished Creatures
  Kirke (D:12)
  An orc warlord (Orc:2)
  A very ugly thing (Swamp:2)
  A stone giant (D:15)
  A bunyip (Swamp:2)
  A white draconian (IceCv)
  A minotaur (Gauntlet)
  Snorg (Orc:1)
  A blizzard demon (Gauntlet)
  5 eleionomae
  15 hydras
  The ghost of bmj180 the Carver, a journeyman DrCj of Vehumet (D:11)
  A hydra (shapeshifter) (D:13)
  2 boulder beetles
  Erica (Orc:1)
  5 centaur warriors
  2 death yaks (Lair:6)
  A death knight (D:11)
  A tengu warrior (D:14)
  3 orc high priests (Orc:2)
  8 two-headed ogres
  The ghost of NigelTetley the Thaumaturge, a journeyman DECj of Sif Muna (D:10)
  3 goliath frogs (Swamp:1)
  A sixfirhy (Lair:6)
  A flayed ghost (D:11)
  A swamp dragon (Swamp:1)
  4 bog bodies
  An orange crystal statue (IceCv)
  3 orc knights
  A wizard (Lair:6)
  2 lindwurms
  3 deep elf pyromancers
  4 manticores
  2 orc sorcerers (Orc:2)
  3 cyclopes
  9 elephants
  27 ugly things
  2 will-o-the-wisps (Swamp:1)
  6 black mambas
  2 centaur zombies
  3 torpor snails
  An ice statue (D:9)
  12 cane toads
  16 rime drakes
  3 orange demons (Lair:6)
  14 komodo dragons
  6 ice devils
  2 red devils (Lair:6)
  A hellwing (Lair:6)
  23 polar bears
  6 trolls
  4 tyrant leeches
  4 hornets
  4 blink frogs (Lair:2)
  18 slime creatures
  3 dream sheep (Lair:6)
  A meliai zombie (D:10)
  Sigmund (D:2)
  3 spriggans
  4 wyverns
  2 centaur simulacra
  A water elemental (D:15)
  A wraith (D:11)
  A tarantella (shapeshifter) (D:13)
  A vampire (D:14)
  2 basilisks
  27 yaks
  A hog (shapeshifter) (D:13)
  20 vampire mosquitoes
  2 steam dragons
  Grum (Lair:1)
  4 wargs (Orc:2)
  4 nagas (Lair:2)
  5 swamp worms
  19 water moccasins
  An acid dragon (D:11)
  A sky beast (D:6)
  5 hell hounds (Lair:6)
  17 orc warriors
  An ice beast (D:7)
  A black bear (D:5)
  A meliai simulacrum (Gauntlet)
  3 ogres
  2 phantoms
  15 centaurs
  31 wolves
  17 bullfrogs
  2 gnoll sergeants
  A wyvern zombie (D:7)
  8 killer bees
  A howler monkey (D:5)
  5 electric eels
  A wyvern simulacrum (Gauntlet)
  2 gnoll shamans
  2 hounds
  5 jellies (D:10)
  11 orc priests
  A centaur skeleton (D:6)
  2 bullfrog skeletons (D:6)
  Jessica (D:3)
  12 orc wizards
  4 iguanas
  A statue (D:6)
  A killer bee zombie (D:8)
  A howler monkey zombie (D:5)
  Robin (D:3)
  12 gnolls
  11 adders
  A shadow imp (D:7)
  5 white imps
  5 ufetubi
  A worm (D:2)
  A dart slug (D:2)
  55 orcs
  5 ball pythons
  3 bats
  9 endoplasms
  4 giant cockroaches
  12 hobgoblins
  6 jackals
  5 quokkas
  2 frilled lizards (D:3)
  18 goblins
  2 kobolds
  2 rats (D:2)
  A ballistomycete spore (Orc:2)
667 creatures vanquished.

Vanquished Creatures (collateral kills)
  An ironbound frostheart (IceCv)
  An orc sorcerer (Orc:2)
  2 orc knights (Orc:2)
  An orc warrior (Orc:2)
  An orc (Orc:2)
  31 ballistomycete spores
37 creatures vanquished.

Vanquished Creatures (others)
  A thorn hunter (Swamp:2)
  A hydra (Swamp:2)
  A swamp dragon (Swamp:1)
  An oklob plant (Lair:5)
  2 bloated husks
  2 vampire mosquitoes (Swamp:1)
  3 ufetubi (D:9)
  3 ballistomycete spores
  16 foxfires (Swamp:1)
  40 fungi
  108 plants
178 creatures vanquished.

Grand Total: 882 creatures vanquished

Notes
Turn   | Place    | Note
-------+----------+-------------------------------------------
     0 | D:1      | Tungsten the Troll Hunter began the quest for the Orb.
     0 | D:1      | Reached XP level 1. HP: 19/19 MP: 0/0
    33 | D:1      | Reached skill level 1 in Unarmed Combat
    33 | D:1      | Reached XP level 2. HP: 14/27 MP: 1/1
   165 | D:1      | Reached skill level 2 in Unarmed Combat
   584 | D:1      | Reached XP level 3. HP: 33/33 MP: 2/2
  1013 | D:2      | Reached skill level 3 in Unarmed Combat
  1140 | D:2      | Noticed Sigmund
  1370 | D:2      | HP: 1/33 [something/puff of flame (10)]
  1372 | D:2      | Killed Sigmund
  1373 | D:2      | Reached skill level 5 in Unarmed Combat
  1373 | D:2      | Reached XP level 4. HP: 23/44 MP: 3/3
  1373 | D:2      | Reached XP level 5. HP: 26/50 MP: 4/4
  2207 | D:3      | Noticed Robin
  2226 | D:3      | Reached XP level 6. HP: 58/61 MP: 5/5
  2250 | D:3      | Killed Robin
  2301 | D:3      | Noticed Jessica
  2312 | D:3      | Killed Jessica
  2605 | D:3      | Identified 3 scrolls of acquirement
  2605 | D:3      | Acquired the +3 crown of Dyrovepreva {rElec Int+2 SInv}
  2605 | D:3      | Found the +3 crown of Dyrovepreva {rElec Int+2 SInv}
  2614 | D:3      | Acquired 598 gold pieces
  2620 | D:3      | Acquired a manual of Throwing
  3185 | D:4      | Reached XP level 7. HP: 70/70 MP: 6/6
  3349 | D:5      | Entered Level 5 of the Dungeon
  3526 | D:4      | Reached skill level 6 in Unarmed Combat
  3691 | D:5      | Found a staircase to the Ecumenical Temple.
  3738 | Temple   | Entered the Ecumenical Temple
  4098 | D:5      | Found a white marble altar of Elyvilon.
  4247 | D:5      | Reached skill level 5 in Fighting
  4519 | D:6      | Reached XP level 8. HP: 80/80 MP: 7/7
  4584 | D:6      | Reached skill level 7 in Unarmed Combat
  4593 | D:6      | Reached skill level 5 in Throwing
  4625 | D:6      | Found a shimmering blue altar of Sif Muna.
  4678 | D:6      | Reached skill level 8 in Unarmed Combat
  4717 | D:6      | Found a radiant altar of Vehumet.
  4749 | D:6      | Found Ejaos's Book Emporium.
  4883 | D:6      | Found a burning altar of Makhleb.
  5397 | D:7      | Found Cumaheum's Antique Weapon Boutique.
  5411 | D:7      | Reached skill level 9 in Unarmed Combat
  5597 | D:7      | Reached XP level 9. HP: 88/88 MP: 8/8
  5758 | D:7      | Noticed a rime drake
  5758 | D:7      | Noticed a rime drake
  5758 | D:7      | Found the +4 skin of Zhor {*Englaciate rC+++ SInv}
  5921 | D:8      | Found a bloodstained altar of Trog.
  5926 | D:8      | Reached skill level 10 in Unarmed Combat
  6061 | D:8      | Reached skill level 1 in Shields
  6220 | D:8      | Reached skill level 5 in Shields
  6333 | D:8      | Noticed a boulder beetle
  6936 | D:9      | Found a blossoming altar of Fedhas.
  6969 | D:9      | Found an ornate altar of the Wu Jian Council.
  7007 | D:9      | Found a stormy altar of Qazlal.
  7056 | D:9      | Noticed an ice devil
  7056 | D:9      | Noticed an ice devil
  7056 | D:9      | Noticed an ice devil
  7058 | D:9      | Noticed an ice devil
  7058 | D:9      | Noticed an ice statue
  7058 | D:9      | Noticed an ice devil
  7300 | D:9      | Noticed a two-headed ogre
  7324 | D:9      | Became a worshipper of Fedhas Madash
  7329 | D:9      | Killed a two-headed ogre
  7330 | D:9      | Reached XP level 10. HP: 87/96 MP: 9/9
  7622 | D:10     | Entered Level 10 of the Dungeon
  7726 | D:10     | Noticed a two-headed ogre
  7799 | D:10     | Found a staircase to the Lair.
  7927 | D:10     | Found a runed translucent gate.
  8041 | D:10     | Found a staircase to the Orcish Mines.
  8048 | D:10     | Killed a two-headed ogre
  8140 | D:10     | Found a runed translucent gate.
  8144 | D:10     | Noticed NigelTetley's ghost (journeyman DECj)
  8145 | D:10     | Found a runed translucent gate.
  8146 | D:10     | Found a viscous altar of Jiyva.
  8466 | D:11     | Reached * piety under Fedhas
  8469 | D:11     | Found Diluw's Weapon Shoppe.
  8555 | D:11     | Noticed a two-headed ogre
  8564 | D:11     | Killed a two-headed ogre
  8661 | D:11     | Noticed a deep elf pyromancer
  8668 | D:11     | Killed a deep elf pyromancer
  8669 | D:11     | Reached XP level 11. HP: 105/105 MP: 10/10
  8686 | D:11     | Noticed a death knight
  8702 | D:11     | Killed a death knight
  8817 | D:11     | Found a runed translucent door.
  8825 | D:11     | Noticed bmj180's ghost (journeyman DrCj)
  9456 | D:11     | Noticed a flayed ghost
  9492 | Lair:1   | Entered Level 1 of the Lair of Beasts
  9514 | Lair:1   | Noticed Grum
  9529 | Lair:1   | Killed Grum
  9589 | Lair:1   | Noticed a seven-headed hydra
  9594 | Lair:1   | Killed a seven-headed hydra
  9595 | Lair:1   | Reached skill level 11 in Unarmed Combat
  9813 | Lair:1   | Reached ** piety under Fedhas
  9834 | Lair:1   | Found the +6 arbalest "Damnation" {damnation}
 10170 | Lair:1   | Reached skill level 5 in Dodging
 10619 | Lair:2   | Reached skill level 12 in Unarmed Combat
 10624 | Lair:2   | Reached XP level 12. HP: 119/119 MP: 11/11
 10630 | Lair:2   | Found a staircase to the Snake Pit.
 10670 | Lair:2   | Noticed an eight-headed hydra
 10675 | Lair:2   | Killed an eight-headed hydra
 11245 | Lair:3   | Reached skill level 1 in Evocations
 11333 | Lair:3   | Noticed a four-headed hydra
 11343 | Lair:3   | Killed a four-headed hydra
 11400 | Lair:3   | Reached *** piety under Fedhas
 11690 | Lair:3   | Noticed a seven-headed hydra
 11701 | Lair:3   | Killed a seven-headed hydra
 11851 | Lair:3   | Found a staircase to the Swamp.
 12017 | Lair:4   | Noticed Rupert
 12358 | Lair:4   | Reached skill level 13 in Unarmed Combat
 12653 | Lair:4   | Noticed a five-headed hydra
 12746 | Lair:4   | Reached **** piety under Fedhas
 12943 | Lair:4   | Killed a five-headed hydra
 13039 | Lair:5   | Noticed a five-headed hydra
 13132 | Lair:4   | Reached XP level 13. HP: 131/131 MP: 12/12
 13648 | Lair:5   | Reached skill level 5 in Evocations
 13665 | Lair:5   | Identified the +7 spear of Disgust {pain, rF+++ rC+ rCorr
                  | Dex+4}
 13934 | Lair:5   | Found a staircase to the Slime Pits.
 13995 | Lair:6   | Entered Level 6 of the Lair of Beasts
 14028 | Lair:5   | Reached ***** piety under Fedhas
 14037 | Lair:5   | Reached skill level 10 in Fighting
 14101 | Lair:6   | Reached skill level 14 in Unarmed Combat
 14665 | Lair:6   | Reached skill level 15 in Unarmed Combat
 14672 | Lair:6   | Reached skill level 1 in Invocations
 14678 | Lair:6   | Reached skill level 1 in Stealth
 15169 | Lair:6   | Reached XP level 14. HP: 143/143 MP: 16/16
 15176 | Lair:6   | Reached skill level 5 in Invocations
 15280 | Lair:6   | Found a burning altar of Makhleb.
 15417 | Lair:6   | Found a gateway to Hell.
 15424 | Lair:6   | Identified the ring "Hegriuv" {Fly rCorr Str+2 SInv}
 15693 | Orc:1    | Entered Level 1 of the Orcish Mines
 15840 | Orc:1    | Noticed Erica
 15851 | Orc:1    | Killed Erica
 16037 | Orc:1    | Noticed Snorg
 16062 | Orc:1    | Killed Snorg
 16587 | Orc:2    | Entered Level 2 of the Orcish Mines
 16634 | Orc:2    | Found an iron altar of Okawaru.
 16637 | Orc:2    | Found a staircase to the Elven Halls.
 16844 | Orc:2    | Noticed an orc warlord
 16871 | Orc:2    | Killed an orc warlord
 17213 | Orc:2    | Reached ****** piety under Fedhas
 17342 | Orc:2    | Paralysed by an orc sorcerer for 4 turns
 17514 | Orc:2    | Found Vuleruif's Magic Scroll Boutique.
 17514 | Orc:2    | Found Ydogg's Antique Armour Shoppe.
 17516 | Orc:2    | Found Nuafaitz's General Store.
 17516 | Orc:2    | Found Wuarul's Distillery.
 17522 | Orc:2    | Bought a scroll of vulnerability for 97 gold pieces
 17522 | Orc:2    | Bought a scroll of fear for 45 gold pieces
 17522 | Orc:2    | Bought a scroll of teleportation for 39 gold pieces
 17522 | Orc:2    | Bought a scroll of immolation for 45 gold pieces
 17525 | Orc:2    | Bought a scroll of vulnerability for 82 gold pieces
 17525 | Orc:2    | Bought a scroll of teleportation for 33 gold pieces
 17525 | Orc:2    | Bought a scroll of magic mapping for 38 gold pieces
 17526 | Orc:2    | Bought a potion of curing for 42 gold pieces
 17526 | Orc:2    | Bought a potion of heal wounds for 70 gold pieces
 17526 | Orc:2    | Bought a potion of berserk rage for 70 gold pieces
 17526 | Orc:2    | Bought a potion of flight for 42 gold pieces
 17526 | Orc:2    | Bought a potion of heal wounds for 70 gold pieces
 17526 | Orc:2    | Bought a potion of curing for 42 gold pieces
 17526 | Orc:2    | Bought a potion of might for 56 gold pieces
 17836 | D:12     | Reached skill level 10 in Invocations
 18057 | D:12     | Reached skill level 1 in Armour
 18258 | D:12     | Noticed Kirke
 18267 | D:12     | Killed Kirke
 19024 | D:13     | Found a gate to the Vaults.
 19046 | D:13     | Reached XP level 15. HP: 117/149 MP: 14/21
 19351 | D:14     | Found a gate leading to a gauntlet.
 19368 | Gauntlet | Entered a Gauntlet
 19368 | Gauntlet | Found a transporter.
 19368 | Gauntlet | Found a transporter.
 19376 | Gauntlet | Found a transporter.
 19380 | Gauntlet | Found a transporter.
 19388 | Gauntlet | Found a transporter.
 19388 | Gauntlet | Found the amulet of the Air {Inacc Air Fly rElec RMsl}
 19392 | Gauntlet | Found a transporter.
 19401 | Gauntlet | Found a transporter.
 19417 | Gauntlet | Found a transporter.
 19431 | Gauntlet | Found a transporter.
 19435 | Gauntlet | Found a transporter.
 19446 | Gauntlet | Found a transporter.
 19447 | Gauntlet | Found a transporter.
 19912 | Gauntlet | Identified the +6 long sword "Riokh" {antimagic, Drain
                  | rN+++ Int+3 Dex+4}
 20040 | Gauntlet | Identified the +4 spear "Hydrabane" {venom, Int+2}
 20040 | Gauntlet | Identified the +5 flail of the Hills {freeze, MP+9 Dex+3}
 20040 | Gauntlet | Identified the +4 hand crossbow of Beposaxt {elec, rPois
                  | rF- rCorr}
 20267 | D:14     | Reached skill level 10 in Shields
 20782 | D:15     | Entered Level 15 of the Dungeon
 21063 | D:15     | Found a stormy altar of Qazlal.
 21119 | D:15     | Found a blossoming altar of Fedhas.
 21215 | D:15     | Found a staircase to the Depths.
 22576 | D:10     | Killed NigelTetley's ghost
 22646 | D:11     | Killed bmj180's ghost
 22890 | Swamp:1  | Entered Level 1 of the Swamp
 23485 | Swamp:1  | Identified the -3 pair of boots of Pilell {rPois Regen+
                  | Int-2}
 23935 | Swamp:2  | Killed a thorn hunter
 24309 | Swamp:2  | Reached XP level 16. HP: 147/158 MP: 19/22
 24344 | Swamp:2  | Found a frozen archway.
 24389 | IceCv    | Entered an ice cave
 24863 | IceCv    | Reached skill level 10 in Dodging
 25087 | IceCv    | Noticed a shard shrike
 25093 | IceCv    | Killed from afar by a shard shrike

Illustrated notes

Levels and vault maps discovered:
D:1:      dpeg_arrival_orchard, layout_basic, minmay_tiny_reverse_x
D:2:      layout_loops_corners, uniq_sigmund
D:3:      layout_rooms, uniq_robin, uniq_jessica
D:4:      layout_loops_ring
D:5:      layout_rooms, lemuel_tele_altar, temple_pool_b,
          minmay_misc_feat_ornament
D:6:      layout_basic, vehumet_statue, mainiacjoe_overflow_alcove_1,
          mainiacjoe_overflow_brackets, serial_shops, nicolae_stop_n_shop_2
D:7:      layout_rooms, serial_shops, shop, hellmonk_guarded_unrand_zhor
D:8:      layout_loops_ring, old_standard_altar, chequers_serial_rivers_large_a,
          kennysheep_windowed_goal
D:9:      cheibrodos_frozen_isle, layout_loops_ring,
          grunt_temple_overflow_forces_of_nature, lemuel_coloured_pillars_altar,
          special_room [special_room_orc], grunt_ministairs_3,
          grunt_decor_arrowhead
D:10:     layout_long_grid, lair_entry_dummy, orc_0_dummy, gammafunk_ghost_ooze
D:11:     layout_loops_corners, ebering_ghost_inner_flame, serial_shops,
          shop_fountains
D:12:     layout_irregular_city, uniq_kirke
D:13:     layout_loops_ring, david_vaults_2
D:14:     layout_gridville, gauntlet_entry_generic
D:15:     grunt_enter_depths_giant_problem, layout_basic, grunt_qazlal_clouds,
          fedhas_altar_1
Temple:   minmay_temple_curvy_branch
Lair:1:   layout_roguey, uniq_grum
Lair:2:   layout_roguey, minmay_snake_entry_guardpost_small, serial_forest,
          infiniplex_forest_clump_cross, infiniplex_forest_clump_small,
          infiniplex_forest_clump_C, infiniplex_forest_clump_small,
          infiniplex_forest_straight_3, infiniplex_forest_split,
          infiniplex_forest_clump_long
Lair:3:   layout_gridlike, palyth_hydra_swamp_entry, fungi_pond_lemuel
Lair:4:   layout_cave_pods, grunt_megastairs_4, infiniplex_staircase_pool,
          uniq_rupert
Lair:5:   layout_roguey, minmay_slime_entry_oklob_enclosed,
          serial_bayou_shore_a, minmay_lair_oklob_chamber, grunt_megastairs_3
Lair:6:   evil_forest, layout_gridlike, grunt_megastairs_2, lemuel_fruit_fields
Swamp:1:  layout_basic_swamp, hangedman_swamp_ruin_wall,
          infiniplex_staircase_pool_2
Swamp:2:  nicolae_swamp_wrong_neighborhood, layout_basic_swamp,
          portal_ice_cave_entry_ugly_swarm, nicolae_swamp_triple_paths,
          hangedman_swamp_blocks
Orc:1:    layout_caves, basic_altar, abandoned_shop, nicolae_orc_stony_grotto,
          uniq_snorg, uniq_erica
Orc:2:    grunt_orc_tribal_feast, layout_caves, okawaru_metal_pillars_1_2
IceCv:    ice_cave_caverns_02

Skill      XL: |  1  2  3  4  5  6  7  8  9 10 11 12 13 14 15 16 |
---------------+-------------------------------------------------+-----
Unarmed Combat | 1 2 5 6 9 10 12 13 15 | 15.0
Fighting       | 2 3 4 5 7 9 10 | 10.0
Throwing       | 4 6 |  6.0
Shields        | 7 9 11 12 | 12.5
Dodging        | 2 5 6 9 10 | 10.0
Evocations     | 4 5 |  5.0
Invocations    | 4 10 | 10.0
Stealth        | 1 |  1.0
Armour         | 2 3 |  3.0

Action                   |  1- 3 |  4- 6 |  7- 9 | 10-12 | 13-15 | 16-18 || total
-------------------------+-------+-------+-------+-------+-------+-------++-------
Melee: Short sword       |    87 |       |       |       |       |       ||    87
       Punch             |     4 |     5 |     9 |       |       |       ||    18
       Unarmed           |    16 |   159 |   273 |   525 |  1225 |   282 ||  2480
Throw: Large rock        |     4 |       |     5 |    17 |    13 |       ||    39
       Throwing net      |     3 |       |       |     2 |       |       ||     5
       Boomerang         |       |       |       |       |    24 |       ||    24
       Dart              |       |       |       |       |     8 |       ||     8
Invok: Grow Ballistomyce |       |       |       |       |     5 |       ||     5
       Overgrow          |       |       |       |       |     1 |     1 ||     2
Evoke: Wand              |       |       |     3 |    33 |    52 |     1 ||    89
       Tin of tremorston |       |       |       |       |     1 |       ||     1
  Use: Potion            |     3 |       |       |     1 |    13 |     1 ||    18
       Scroll            |       |     5 |     6 |    12 |     5 |       ||    28
 Stab: Sleeping          |       |     5 |       |       |       |       ||     5
       Distracted        |       |       |       |       |     1 |       ||     1
       Confused          |       |       |       |       |     1 |       ||     1
       Invisible         |       |       |       |       |     1 |       ||     1
Armor: Robe              |    27 |    44 |    68 |       |       |       ||   139
       Steam dragon scal |       |       |    60 |    64 |       |       ||   124
       Acid dragon scale |       |       |       |   110 |   431 |    56 ||   597
       Skin              |       |       |       |       |    19 |       ||    19
Dodge: Dodged            |    47 |    68 |   118 |   225 |   576 |    85 ||  1119
Block: Kite shield       |       |       |    14 |   237 |   268 |       ||   519
       Tower shield      |       |       |       |       |   613 |   189 ||   802
       Reflection        |       |       |       |       |       |     1 ||     1

Table legend: (Time is in decaauts)
 A = Elapsed time spent in this place.
 B = Non-inter-level travel time spent in this place.
 C = Inter-level travel time spent in this place.
 D = Time resting spent in this place.
 E = Time spent auto-exploring this place.
 F = Levels seen in this place.
 G = Mean time per level.
                   A        B        C        D        E       F      G
               +--------+--------+--------+--------+--------+-----+--------+
         Total |  24918 |  23113 |   1805 |   3114 |  12980 |  28 |  889.9 |
       Dungeon |  13644 |  12446 |   1198 |   1014 |   8326 |  15 |  909.6 |
        Temple |    252 |    248 |      4 |      0 |    247 |   1 |  252.0 |
          Lair |   6370 |   5891 |    479 |    951 |   2865 |   6 | 1061.7 |
         Swamp |   1371 |   1346 |     25 |    267 |    472 |   2 |  685.5 |
  Orcish Mines |   1871 |   1773 |     98 |    537 |    780 |   2 |  935.5 |
      Ice Cave |    669 |    669 |      0 |    126 |    136 |   1 |  669.0 |
      Gauntlet |    737 |    737 |      0 |    218 |    152 |   1 |  737.0 |
               +--------+--------+--------+--------+--------+-----+--------+

Top non-repeatable levels by time:
  Lair:6: 1472 daAuts
  Lair:3: 1288 daAuts
    D:11: 1277 daAuts
     D:9: 1202 daAuts
  Lair:5: 1120 daAuts
     D:2: 1113 daAuts
     D:6: 1008 daAuts
     D:8: 987 daAuts
    D:15: 968 daAuts
    D:10: 965 daAuts
   Orc:1: 963 daAuts
  Lair:1: 911 daAuts
     D:1: 910 daAuts
   Orc:2: 908 daAuts
    D:12: 876 daAuts
